[Event "ICCopen2016"]
[Site "Internet Chess Club"]
[Date "2016.06.03"]
[Round "7"]
[White "fishmaster"]
[Black "leonardoalmeida"]
[Result "1-0"]
[ICCResult "Black forfeits on time"]
[WhiteElo "1704"]
[BlackElo "1839"]
[Opening "Scandinavian (center counter) defense"]
[ECO "B01"]
[NIC "SD.01"]
[Time "20:06:59"]
[TimeControl "180+0"]

1. e4 d5 2. exd5 Qxd5 3. Nc3 Qa5 4. d4 c6 5. Nf3 Bg4 6. Be2 e6 7. Bd2 Qb6 8.
Be3 Qxb2 9. Bd2 Qb6 10. Be3 Bb4 11. Qd3 Bxf3 12. Bxf3 Qa5 13. Bd2 Nf6 14.
O-O Nbd7 15. Ne4 Bxd2 16. Qxd2 Qxd2 17. Nxd2 Rb8 18. Rab1 O-O 19. c4 g6 20.
Nb3 Rfd8 21. Rfd1 Kg7 22. Na5 Nb6 23. c5 Nbd5 24. Rxb7 Rxb7 25. Nxb7 Rb8 26.
Na5 Rb2 27. Nxc6 Rxa2 28. h3 h5 29. Ne5 Rc2 30. Ra1 Rd2 31. Rxa7 Rxd4 32.
Rxf7+ Kg8 33. c6 Rb4 34. c7 Rb1+ 35. Kh2 Rc1 36. Bxd5 Nxd5 37. Rd7 Rxc7 38.
Rxc7 Nxc7 39. Nxg6 Kg7 40. Nf4 Kh6 41. Kg3 e5 42. Nd3 e4 43. Nc5 Nd5 44.
Nxe4 Ne7 45. f4 Nf5+ 46. Kf3 Nd4+ 47. Kf2 h4 48. Nd2 Kh5 49. Nf3 Nf5 50. Ng1
Ng3 51. Ne2 Nf5 52. g4+ hxg3+ 53. Nxg3+ Kg6 54. Nxf5 Kxf5 55. Kf3 Kf6 56.
Kg4 Kg6 57. f5+ Kf6 58. h4 Kg7 59. h5 Kf7 60. Kg5 Kg8 61. f6 Kh7 62. Kf5 Kg8
63. Ke6 Kf8 64. f7 Kg7 65. Ke7 Kh6 66. f8=Q+ Kg5 67. Qf6+ Kxh5 68. Qg7 Kh4
69. Qg6 Kh3 70. Qg5 Kh2 71. Qg4 Kh1 72. Ke6 {Black forfeits on time} 1-0

[Event "ICCopen2016"]
[Site "Internet Chess Club"]
[Date "2016.06.03"]
[Round "7"]
[White "Yedixon"]
[Black "Cramagica"]
[Result "1-0"]
[ICCResult "Black forfeits on time"]
[WhiteElo "1234"]
[BlackElo "1174"]
[Opening "Bird's opening"]
[ECO "A02"]
[NIC "VO.07"]
[Time "20:06:52"]
[TimeControl "180+0"]

1. f4 f5 2. e4 fxe4 3. d3 exd3 4. Bxd3 Nf6 5. g4 d5 6. g5 Ne4 7. Bxe4 dxe4
8. Qxd8+ Kxd8 9. Be3 Bg4 10. Nd2 Nc6 11. Ne2 e5 12. Ng3 exf4 13. Bxf4 Bb4
14. c3 Bd6 15. Bxd6 cxd6 16. Ngxe4 Kc7 17. Rg1 Bh5 18. Ng3 Rae8+ 19. Kf2
Rhf8+ 20. Kg2 Bg6 21. Rgf1 Ne5 22. Rxf8 Rxf8 23. Rf1 Rxf1 24. Ndxf1 Nd3 25.
b3 b5 26. Nd2 a5 27. h4 d5 28. h5 Bf7 29. Kf3 Nc1 30. a3 Nd3 31. Ke3 Nc5 32.
b4 axb4 33. cxb4 Nd7 34. Kd4 Kc6 35. Nb3 Kd6 36. Nf5+ Kc6 37. Nxg7 Kd6 38.
Nf5+ Ke6 39. Ne3 Bxh5 40. Nxd5 Ne5 41. Nf4+ Kf5 42. Nxh5 Nc4 43. Ng3+
{Black forfeits on time}
1-0

[Event "ICCopen2016"]
[Site "Internet Chess Club"]
[Date "2016.06.03"]
[Round "7"]
[White "JUGGERNOT"]
[Black "tbogin1"]
[Result "0-1"]
[ICCResult "White checkmated"]
[WhiteElo "1817"]
[BlackElo "1533"]
[Opening "Bird's opening"]
[ECO "A02"]
[NIC "VO.07"]
[Time "20:07:38"]
[TimeControl "180+0"]

1. f4 Nf6 2. Nc3 e6 3. e4 c5 4. Nf3 Nc6 5. a4 d5 6. e5 Nd7 7. Bb5 Be7 8.
Bxc6 bxc6 9. O-O O-O 10. Kh1 c4 11. d4 Ba6 12. g4 f5 13. gxf5 Rxf5 14. Rg1
Nf8 15. Qe1 c5 16. Qg3 g6 17. Be3 cxd4 18. Nxd4 Rf7 19. Raf1 Bc5 20. Rf3
Bxd4 21. Bxd4 Rf5 22. Ne2 Qa5 23. c3 Qxa4 24. Qh4 Rh5 25. Qe7 Qd7 26. Qa3
Bb7 27. Ng3 Rh3 28. Kg2 Rh4 29. Bf2 Rg4 30. h3 Rxg3+ 31. Rxg3 d4+ 32. Kh2 d3
33. Bd4 d2 34. Qa1 a5 35. Qd1 a4 36. Qxd2 a3 37. bxa3 Rxa3 38. h4 Qa4 39.
Kh3 Ra2 40. Qe3 Rc2 41. f5 Qa2 42. fxg6 Rh2+ 43. Kg4 Nxg6 44. Kh5 Rxh4+ 45.
Kg5 Kg7 46. Qf3 h6# {White checkmated} 0-1

[Event "ICCopen2016"]
[Site "Internet Chess Club"]
[Date "2016.06.03"]
[Round "7"]
[White "wolvie"]
[Black "doodlestoo"]
[Result "0-1"]
[ICCResult "White forfeits on time"]
[WhiteElo "1580"]
[BlackElo "1427"]
[Opening "Philidor: Larsen variation"]
[ECO "C41"]
[NIC "KP.08"]
[Time "20:07:16"]
[TimeControl "180+0"]

1. e4 e5 2. Nf3 d6 3. d4 exd4 4. Nxd4 g6 5. Bc4 Bg7 6. O-O Nf6 7. Nc3 O-O 8.
Bg5 a6 9. Qd2 Re8 10. f4 c5 11. Bxf6 Qxf6 12. e5 dxe5 13. fxe5 Qxe5 14. Nf3
Qc7 15. Ng5 Be6 16. Bxe6 fxe6 17. Rf7 Qxf7 18. Nxf7 Kxf7 19. Rf1+ Kg8 20. h4
Bd4+ 21. Kh1 Nc6 22. h5 Rf8 23. Rxf8+ Rxf8 24. g4 Rf2 25. Qe1 Kf7 26. Ne4
Rxc2 27. Ng5+ Ke7 28. Qxe6+ Kd8 29. Nf7+ Kc7 30. Qd6+ Kb6 31. Nd8 Rxb2 32.
Ne6 Rb1+ 33. Kg2 Rb2+ 34. Kf3 Rf2+ 35. Ke4 Re2+ 36. Kd5 Re5+ 37. Kc4 Re4 38.
Qc7+ Ka7 39. Nxd4 Rxd4+ 40. Kc3 Rxg4 41. Qxh7 Rg3+ 42. Kc2 Rg4 43. h6 Rg2+
44. Kd3 Ne5+ 45. Ke4 Re2+ 46. Kf4 Rf2+ 47. Kg5 Rf5+ 48. Kh4 Nf3+
{White forfeits on time}
0-1

[Event "ICCopen2016"]
[Site "Internet Chess Club"]
[Date "2016.06.03"]
[Round "7"]
[White "Kakarotto"]
[Black "Dlugy"]
[Result "0-1"]
[ICCResult "White checkmated"]
[WhiteElo "2649"]
[BlackElo "2929"]
[Opening "King's Indian: Petrosian system"]
[ECO "E92"]
[NIC "KI.17"]
[Time "20:07:12"]
[TimeControl "180+0"]

1. d4 Nf6 2. c4 g6 3. Nc3 Bg7 4. Nf3 d6 5. e4 O-O 6. Be2 e5 7. d5 Na6 8. Bg5
h6 9. Bh4 Qe8 10. Nd2 Bd7 11. O-O Nh7 12. a3 h5 13. f3 Bh6 14. Bf2 Nc5 15.
b4 Bxd2 16. Qxd2 Nb3 17. Qc2 Nxa1 18. Rxa1 a5 19. Rb1 axb4 20. axb4 Qe7 21.
c5 Ra3 22. Bc4 Rfa8 23. h4 Ra1 24. Kh2 Rxb1 25. Qxb1 g5 26. Qc1 gxh4 27. c6
bxc6 28. dxc6 Bxc6 29. b5 Bb7 30. Bd5 Rb8 31. Bxb7 Rxb7 32. Nd5 Qd7 33. Qh6
Qe6 34. Qxh5 Kg7 35. Qxh4 Qh6 36. Qxh6+ Kxh6 37. b6 cxb6 38. Nxb6 Nf6 39.
Nc4 Ne8 40. Ne3 Kg6 41. Kg3 Ng7 42. Nc4 Rd7 43. Nb6 Rd8 44. Nd5 f5 45. Kh2
fxe4 46. fxe4 Ne6 47. Kg1 Rh8 48. Bg3 Ng5 49. Nc3 Rc8 50. Be1 Rc4 51. Nd5
Nxe4 52. Ne7+ Kf7 53. Nf5 Rc1 54. Kf1 Ke6 55. Ne3 d5 56. Ke2 d4 57. Ng4 Rc2+
58. Kd1 Rxg2 59. Nh6 Rg1 60. Ke2 d3+ 61. Kxd3 Rxe1 62. Ng4 Nc5+ 63. Kd2 Re4
64. Nf2 Rd4+ 65. Kc3 Kd5 66. Nh3 Ne4+ 67. Kc2 Rd2+ 68. Kb3 Rd3+ 69. Kc2 Rxh3
70. Kc1 Rc3+ 71. Kd1 Kd4 72. Ke2 Rc2+ 73. Kf3 Rf2+ 74. Kg4 Ke3 75. Kh5 Rf6
76. Kg4 Kf2 77. Kh3 Kf3 78. Kh4 Kf4 79. Kh3 Rg6 80. Kh2 Rg3 81. Kh1 Kf3 82.
Kh2 Ng5 83. Kh1 Kf2 84. Kh2 Rh3# {White checkmated} 0-1

[Event "ICCopen2016"]
[Site "Internet Chess Club"]
[Date "2016.06.03"]
[Round "7"]
[White "welo1969"]
[Black "ShadowLike"]
[Result "0-1"]
[ICCResult "White resigns"]
[WhiteElo "1387"]
[BlackElo "1967"]
[Opening "Queen's pawn game"]
[ECO "A46"]
[NIC "QP.06"]
[Time "20:08:10"]
[TimeControl "180+0"]

1. d4 Nf6 2. Nf3 d6 3. g3 Nbd7 4. Bg2 c6 5. O-O e5 6. a4 e4 7. Nfd2 d5 8. c4
h5 9. cxd5 cxd5 10. Nb3 h4 11. Nc3 hxg3 12. fxg3 Nb6 13. Bg5 Be6 14. e3 Nc4
15. Qc2 Be7 16. Nd2 Rc8 17. Nxc4 Rxc4 18. Qb3 Rb4 19. Qc2 Ng4 20. Bxe7 Qxe7
21. Nd1 Nxh2 22. Rf4 g5 23. Rf2 g4 24. Rc1 Nf3+ 25. Bxf3 gxf3 26. Rh2 Rg8
27. Qf2 Qg5 28. Rc7 Kd8 29. Rc3 Rxa4 30. Rc1 b5 31. Kf1 Rc4 32. Ra1 Qxg3 33.
Qxg3 Rxg3 34. Kf2 Rg8 35. Rxa7 Rc2+ 36. Ke1 Rxh2 37. Ra8+ Bc8 {White
resigns} 0-1

[Event "ICCopen2016"]
[Site "Internet Chess Club"]
[Date "2016.06.03"]
[Round "7"]
[White "A-Adly"]
[Black "Discoverchess"]
[Result "1/2-1/2"]
[ICCResult "White ran out of time and Black has no material to mate"]
[WhiteElo "2968"]
[BlackElo "2550"]
[Opening "Réti: King's Indian attack, Keres variation"]
[ECO "A07"]
[NIC "QP.09"]
[Time "20:06:53"]
[TimeControl "180+0"]

1. Nf3 d5 2. g3 Bg4 3. Bg2 Nd7 4. d4 Ngf6 5. O-O e6 6. c4 c6 7. Nc3 Be7 8.
Qb3 Qb6 9. Qc2 Bf5 10. Qd1 O-O 11. Nh4 Bg4 12. h3 Bh5 13. g4 Bg6 14. Nxg6
hxg6 15. cxd5 exd5 16. e3 Bd6 17. f4 Rfe8 18. Qc2 Rac8 19. Qf2 Bb4 20. Bd2
Bxc3 21. Bxc3 Ne4 22. Qc2 Ndf6 23. Rac1 Nxc3 24. Qxc3 Ne4 25. Qc2 Nd6 26.
Rfe1 Nc4 27. Qc3 Qxb2 28. Qxb2 Nxb2 29. Bf1 b5 30. Kf2 a5 31. Rb1 Na4 32.
Rec1 b4 33. a3 Nc3 34. Rb3 Rb8 35. axb4 axb4 36. Ra1 Re7 37. Bd3 Kh7 38. h4
Kg8 39. h5 gxh5 40. gxh5 Kf8 41. Kf3 Re6 42. Bf5 Rf6 43. Kg4 Nb5 44. Bd3 Nd6
45. Rab1 Re6 46. Kf3 Rbe8 47. Re1 Rb8 48. Rc1 Rbe8 49. Re1 Ne4 50. Bxe4
dxe4+ 51. Kg4 Rb8 52. Reb1 c5 53. dxc5 Rc6 54. Rc1 Rb5 55. Rc4 Rcxc5 56.
Rbxb4 Rxh5 57. Rc8+ Ke7 58. Rxe4+ Kd7 59. Rec4 Rhd5 60. R4c7+ Ke6 61. Re8+
Kd6 62. Rxf7 g5 63. Rd8+ Ke6 64. Rxd5 Rxd5 65. Rh7 gxf4 66. exf4 Kf6 67.
Rh6+ Kg7 68. Rh5 Rd1 69. Re5 Kf6 70. Rf5+ Kg6 71. Rg5+ Kf6 72. Ra5 Ke6 73.
Kf3 Rg1 74. Ke4 Rc1 75. Ra6+ Kd7 76. Kf5 Kc7 77. Kg6 Rg1+ 78. Kf7 Rf1 79.
Rf6 Kb7 80. f5 Rd1 81. Kg6 Rd7 82. Rf7 Rxf7 83. Kxf7 Kc6 84. Ke6 Kc5 85. f6
Kd4 86. f7 Kc5 87. f8=Q+ Kd4
{White ran out of time and Black has no material to mate}
1/2-1/2

[Event "ICCopen2016"]
[Site "Internet Chess Club"]
[Date "2016.06.03"]
[Round "7"]
[White "Maxbet"]
[Black "stoptryharding"]
[Result "1/2-1/2"]
[ICCResult "White ran out of time and Black has no material to mate"]
[WhiteElo "2925"]
[BlackElo "2367"]
[Opening "Queen's pawn game"]
[ECO "A46"]
[NIC "QP.05"]
[Time "20:06:59"]
[TimeControl "180+0"]

1. d4 Nf6 2. Nf3 e6 3. Bf4 b6 4. e3 Bb7 5. Nbd2 Be7 6. h3 c5 7. Bd3 cxd4 8.
exd4 O-O 9. c3 d6 10. O-O Nbd7 11. Re1 a6 12. a4 Re8 13. Bh2 Bf8 14. Qe2 Qc8
15. Nc4 Qc7 16. Ne3 g6 17. c4 a5 18. Nd1 e5 19. dxe5 Nxe5 20. Nxe5 dxe5 21.
Nc3 Qc6 22. Qf1 Rad8 23. Rad1 Qc5 24. Bb1 Rxd1 25. Rxd1 Bc6 26. Nb5 Qb4 27.
Qe2 Qxa4 28. Nc7 Re7 29. Nd5 Nxd5 30. cxd5 Bb5 31. Qe1 Re8 32. d6 Bd7 33.
Be4 f6 34. Qe2 Rc8 35. g4 Be6 36. g5 Rd8 37. gxf6 Rxd6 38. Re1 Bc4 39. Qf3
Qb4 40. Re3 Qxb2 41. Bg3 Kf7 42. Kh2 Rxf6 43. Bd5+ Kg7 44. Qg2 Bxd5 45. Qxd5
Rxf2+ 46. Kg1 Rf5 47. Bxe5+ Rxe5 48. Rxe5 Qxe5 49. Qxe5+ Kf7 50. Kg2 Bc5 51.
Qd5+ Kf6 52. Kf3 a4 53. Ke4 a3 54. Qb3 Kg5 55. Qf3 h5 56. Qg3+ Kf6 57. Qf4+
Ke6 58. Qe5+ Kd7 59. Qd5+ Kc7 60. Kd3 g5 61. Qxg5 Kc6 62. Qf6+ Kb5 63. Kc2
Kb4 64. Kb1 Kc4 65. Qe6+ Kc3 66. Ka2 b5 67. Qf5 Kd4 68. Qxh5 Kc4 69. Qg4+
Bd4 70. h4 b4 71. Qd1 Kc3 72. Qb3+ Kd2 73. h5 Bc3 74. h6 Kd3 75. h7 Kd4 76.
h8=Q+ Kd3 77. Qhxc3+ bxc3 78. Kxa3 Kd2 79. Kb4 Kd3 80. Qxc3+ Ke4 81. Kc4 Kf5
82. Qd3+ Kf6 {White ran out of time and Black has no material to mate}
1/2-1/2

[Event "ICCopen2016"]
[Site "Internet Chess Club"]
[Date "2016.06.03"]
[Round "7"]
[White "BISPOMAU"]
[Black "jcgs1030"]
[Result "0-1"]
[ICCResult "White checkmated"]
[WhiteElo "2130"]
[BlackElo "1935"]
[Opening "English: symmetrical, Benoni formation"]
[ECO "A31"]
[NIC "EO.46"]
[Time "20:06:17"]
[TimeControl "180+0"]

1. d4 Nf6 2. c4 c5 3. Nf3 cxd4 4. Nxd4 g6 5. Nc2 Bg7 6. Nc3 O-O 7. g3 Nc6 8.
Bg2 b6 9. O-O Bb7 10. b3 d5 11. cxd5 Ne5 12. e4 Rc8 13. Bb2 Ba6 14. Ne2 Nd3
15. Bd4 e5 16. dxe6 fxe6 17. e5 Ng4 18. Ne3 Ndxf2 19. Rxf2 Nxf2 20. Qd2 Bxe2
21. Nd5 exd5 22. Qxe2 Ne4 23. Rd1 Qe7 24. Bh3 Rce8 25. e6 Bxd4+ 26. Rxd4 Qc5
27. Qe3 Ng5 28. Bg2 Rxe6 29. Qd2 Ne4 30. Qe3 Ng5 31. Qd2 Re4 32. Bxe4 dxe4
33. b4 Qxd4+ 34. Qxd4 Nf3+ 35. Kf2 Nxd4+ 36. Ke3 Nc6 37. Kxe4 Nxb4 38. a3
Nc2 39. a4 Rf2 40. h4 Kf7 41. Kd5 Kf6 42. Kc6 Nb4+ 43. Kb7 Ra2 44. Kxa7
Rxa4+ 45. Kxb6 Nd5+ 46. Kc5 Rg4 47. h5 Rxg3 48. hxg6 hxg6 49. Kxd5 Kf5 50.
Kd4 Rf3 51. Kd5 Rd3+ 52. Kc4 Ke4 53. Kc5 Rd5+ 54. Kc4 Re5 55. Kc3 Rc5+ 56.
Kb4 g5 57. Kxc5 g4 58. Kc4 g3 59. Kc3 g2 60. Kd2 g1=Q 61. Kc3 Qc5+ 62. Kd2
Qc4 63. Ke1 Qa2 64. Kf1 Kf3 65. Ke1 Qe2# {White checkmated} 0-1

[Event "ICCopen2016"]
[Site "Internet Chess Club"]
[Date "2016.06.03"]
[Round "7"]
[White "mathman"]
[Black "Kalmyk"]
[Result "1-0"]
[ICCResult "Black forfeits on time"]
[WhiteElo "2386"]
[BlackElo "2971"]
[Opening "Giuoco Pianissimo"]
[ECO "C50"]
[NIC "IG.02"]
[Time "20:06:58"]
[TimeControl "180+0"]

1. e4 e5 2. Nf3 Nc6 3. Bc4 Bc5 4. d3 Nf6 5. c3 a6 6. Bb3 d6 7. Qe2 O-O 8. h3
Be6 9. Bg5 h6 10. Bh4 a5 11. Bc2 a4 12. Nbd2 a3 13. b4 Bb6 14. Nf1 Re8 15.
Ng3 Ne7 16. Bxf6 gxf6 17. Nh4 Kh7 18. Qh5 Rg8 19. Nhf5 Qf8 20. Nxe7 Qxe7 21.
Nf5 Qf8 22. g4 Rg5 23. Qh4 d5 24. exd5 Bxf5 25. gxf5 Qd6 26. Bb3 c6 27. Qe4
Qd7 28. h4 Rg7 29. Rf1 Rag8 30. O-O-O Rg4 31. Qh1 c5 32. bxc5 Bxc5 33. Rg1
Qc7 34. Rxg4 Rxg4 35. Rg1 Bd4 36. Bc4 Rxg1+ 37. Qxg1 Bxc3 38. d6 Qb6 39. Bb3
Qc5 40. Bxf7 Bd2+ 41. Kxd2 Qb4+ 42. Ke2 Qb2+ 43. Kf3 e4+ 44. dxe4 Qc3+ 45.
Kf4 Qe5+ 46. Kf3 Qc3+ 47. Kg2 Qf3+ 48. Kxf3 {Black forfeits on time} 1-0

[Event "ICCopen2016"]
[Site "Internet Chess Club"]
[Date "2016.06.03"]
[Round "7"]
[White "jonesey"]
[Black "blackending"]
[Result "0-1"]
[ICCResult "White forfeits on time"]
[WhiteElo "1813"]
[BlackElo "1640"]
[Opening "Sicilian defense"]
[ECO "B20"]
[NIC "SI.48"]
[Time "20:07:00"]
[TimeControl "180+0"]

1. e4 c5 2. c4 d6 3. Nc3 e6 4. g3 Nf6 5. Bg2 g6 6. Nge2 Bg7 7. d4 cxd4 8.
Nxd4 a6 9. Be3 O-O 10. O-O Qc7 11. b3 Nc6 12. Rc1 Qb8 13. Qd2 Bd7 14. Rfd1
Nxd4 15. Bxd4 Rd8 16. Qg5 e5 17. Bb6 h6 18. Qd2 Bg4 19. f3 Be6 20. Bxd8 Qxd8
21. Qxd6 Qxd6 22. Rxd6 Nd7 23. Rcd1 Rd8 24. Na4 Bf8 25. R6d2 Be7 26. Nb6
Bc5+ 27. Kf1 Bxb6 28. Ke2 Kf8 29. Bf1 Ke7 30. a3 Nc5 31. Rxd8 Bxd8 32. Rb1
Nxb3 33. Kd1 Na5 34. c5 Bc8 35. Bd3 Nc6 36. Bc4 Nd4 37. Bd5 Nc6 38. Bxc6
bxc6 39. Rb8 Kd7 40. Ra8 Kc7 41. Ra7+ Bb7 42. Kc2 Kb8 43. Rxb7+ Kxb7 44. Kc3
a5 45. a4 Be7 46. Kc4 f5 47. g4 f4 48. h3 h5 49. gxh5 gxh5 50. Kd3 Bh4 51.
Kc4 Bf2 52. Kd3 Bxc5 53. Kc4 Bd4 54. Kd3 Kb6 55. Kc4 Kc7 56. Kd3 Kd6 57. Kc4
c5 58. Kb5 c4 59. Kxc4 Kc6 60. Kb3 Kc5 61. Ka3 Kc4 62. Ka2 Kb4 63. Kb1 Kxa4
64. Kc2 Kb4 65. Kd3 a4 66. Ke2 a3 67. Kd3 a2 68. Ke2 a1=Q 69. Kd3 Qc3+ 70.
Ke2 Kb3 71. Kd1 Kb2 72. Ke2 Qe3+ {White forfeits on time} 0-1

[Event "ICCopen2016"]
[Site "Internet Chess Club"]
[Date "2016.06.03"]
[Round "7"]
[White "Oblique"]
[Black "GoldenCountry"]
[Result "1-0"]
[ICCResult "Black forfeits on time"]
[WhiteElo "1699"]
[BlackElo "1479"]
[Opening "QGD: exchange, positional line"]
[ECO "D35"]
[NIC "QO.16"]
[Time "20:06:54"]
[TimeControl "180+0"]

1. d4 d5 2. c4 e6 3. Nc3 Nf6 4. cxd5 exd5 5. Bg5 Bb4 6. Qc2 h6 7. Bh4 Nc6 8.
e3 g5 9. Bg3 Ne4 10. Bd3 Bxc3+ 11. bxc3 f5 12. Bxe4 fxe4 13. Ne2 Bg4 14. f3
Bf5 15. f4 O-O 16. O-O g4 17. c4 h5 18. cxd5 Qxd5 19. Nc3 Qc4 20. Rac1 Nb4
21. Qb3 Qxb3 22. axb3 Nd3 23. Rb1 c6 24. Nd1 Rfe8 25. Nf2 Nxf2 26. Rxf2 Kf7
27. Bh4 Ke6 28. g3 Kd5 29. Bf6 b6 30. Rc2 Rac8 31. Be5 c5 32. Ra2 a5 33. Ra4
Ra8 34. Rc1 Rec8 35. Ra2 c4 36. bxc4+ Rxc4 37. Rxc4 Kxc4 38. Rc2+ Kd3 39.
Rc1 Kxe3 40. d5 a4 41. d6 a3 42. Ra1 a2 43. Kf1 Kd3 44. Ke1 Kc2 45. Ke2 b5
46. d7 Bxd7 47. Bd6 b4 48. Be5 b3 49. f5 Bxf5 50. Bd4 b2 51. Bxb2 Kxb2 52.
Re1 a1=Q 53. Rxa1 Kxa1 54. Ke3 Ra2 55. Kf4 Rxh2 56. Kxf5
{Black forfeits on time}
1-0

[Event "ICCopen2016"]
[Site "Internet Chess Club"]
[Date "2016.06.03"]
[Round "7"]
[White "Panesso"]
[Black "ALexiz"]
[Result "1-0"]
[ICCResult "Black forfeits on time"]
[WhiteElo "2221"]
[BlackElo "1837"]
[Opening "Sicilian: Canal-Sokolsky attack, Sokolsky variation"]
[ECO "B52"]
[NIC "SI.01"]
[Time "20:09:00"]
[TimeControl "180+0"]

1. e4 c5 2. Nf3 d6 3. Bb5+ Bd7 4. Bxd7+ Qxd7 5. c4 Nc6 6. d4 cxd4 7. Nxd4 g6
8. Nc3 Bg7 9. Be3 Nf6 10. f3 O-O 11. O-O e6 12. Nde2 a6 13. Qd2 Ne5 14. b3
Rfc8 15. a4 Rc6 16. Rfd1 Rac8 17. h3 Qc7 18. Bf4 Nh5 19. Bh2 Bf8 20. Kh1 Nd7
21. f4 Nc5 22. Rab1 f5 23. g4 Nf6 24. exf5 Nfe4 25. Nxe4 Nxe4 26. Qd4 gxf5
27. g5 Bg7 28. Qe3 Qa5 29. Nd4 Bxd4 30. Qxd4 Qc3 31. Rd3 Qc2 32. Rf1 b5 33.
axb5 axb5 34. cxb5 Rc3 35. Rxc3 Qxc3 36. Qxc3 Rxc3 37. Rb1 Rc5 38. b6 Rb5
39. Bg1 Nd2 40. Rd1 Nxb3 41. Rxd6 Nc5 42. Bxc5 Rxc5 43. Rxe6 Rb5 44. Kg2 Kg7
45. Kg3 {Black forfeits on time} 1-0

[Event "ICCopen2016"]
[Site "Internet Chess Club"]
[Date "2016.06.03"]
[Round "7"]
[White "iphantom"]
[Black "ErnestoRondon"]
[Result "0-1"]
[ICCResult "White forfeits on time"]
[WhiteElo "1548"]
[BlackElo "1900"]
[Opening "Old Benoni defense"]
[ECO "A43"]
[NIC "OI.09"]
[Time "20:09:21"]
[TimeControl "180+0"]

1. d4 c5 2. c3 cxd4 3. cxd4 d6 4. Nd2 Nf6 5. e3 g6 6. Ngf3 Bg7 7. a3 O-O 8.
Be2 Nc6 9. O-O e5 10. b4 e4 11. Ne1 d5 12. Bb2 a6 13. Rc1 Be6 14. h3 Ne8 15.
Nb3 f5 16. g3 Rc8 17. Nc5 Qe7 18. Kh2 Nd6 19. Ng2 g5 20. f4 exf3 21. Bxf3
Ne4 22. Nb3 Bd7 23. Qe1 Rce8 24. Bh5 Rc8 25. Nd2 h6 26. Nf3 Be8 27. Bxe8
Rcxe8 28. Rg1 Qd6 29. Nd2 f4 30. gxf4 gxf4 31. Nxf4 Rxf4 32. exf4 Qxf4+ 33.
Kh1 Qxd2 34. Qxd2 Nxd2 35. Rc2 Nf3 36. Rf1 Ncxd4 37. Rg2 Kh7 38. Bxd4 Nxd4
39. Rf7 Rg8 40. Rd7 Nf5 41. Rf2 Ng3+ 42. Kh2 Ne4 43. Rff7 Ng5 44. Rfe7 Kg6
45. Rd6+ Bf6 46. Rxb7 d4 47. Rbb6 Rf8 48. Kg3 Ne4+ 49. Kg4 Nxd6 50. Rxd6 h5+
51. Kg3 Kf5 52. Rd5+ Be5+ 53. Kf3 h4 54. a4 Rg8 55. Ke2 Rg3 56. b5 axb5 57.
axb5 Rxh3 58. b6 Rb3 59. Rd7 Rxb6 60. Kd3 Rb3+ 61. Kc4 Rc3+ 62. Kb4 Ke4 63.
Rh7 h3 64. Rh4+ Bf4 65. Rg4 h2 66. Rh4 Rc1 {White forfeits on time} 0-1

[Event "ICCopen2016"]
[Site "Internet Chess Club"]
[Date "2016.06.03"]
[Round "7"]
[White "TitaniumNinja01"]
[Black "hunterking"]
[Result "1-0"]
[ICCResult "Black resigns"]
[WhiteElo "1279"]
[BlackElo "1354"]
[Opening "French: exchange variation"]
[ECO "C01"]
[NIC "FR.01"]
[Time "20:10:21"]
[TimeControl "180+0"]

1. e4 e6 2. d4 d5 3. exd5 exd5 4. c4 Nf6 5. Nc3 Bb4 6. Bg5 O-O 7. Nf3 Re8+
8. Be2 c6 9. cxd5 cxd5 10. O-O Bxc3 11. bxc3 Be6 12. Bb5 Nc6 13. Rc1 Rc8 14.
Ne5 Qd6 15. Bxf6 gxf6 16. Nxc6 bxc6 17. Bd3 Kh8 18. Qh5 f5 19. Rfe1 Qf4 20.
g3 Qg4 21. Qh6 Qg6 22. Qh4 Kg7 23. Re5 f6 24. Re2 Bf7 25. Rce1 Rxe2 26. Rxe2
Re8 27. Rxe8 Bxe8 28. Qf4 Bf7 29. Qxf5 Qxf5 30. Bxf5 Be8 31. f4 a5 32. Kf2
h5 33. Kf3 Kf7 34. Ke3 Ke7 35. a4 Kd6 36. Kd3 c5 37. c4 Bxa4 38. Bg6 h4 39.
gxh4 Bb3 40. dxc5+ Kxc5 41. cxd5 Bxd5 42. Be8 Be6 43. h5 Bf5+ 44. Kc3 Kd6
45. Bg6 Be6 46. h6 Bg8 47. h7 Bxh7 48. Bxh7 Kd5 49. f5 Ke5 50. Bg6 Kd5 51.
h4 Kc5 52. h5 a4 53. Kb2 Kd6 54. Ka3 Ke5 55. h6 Kf4 56. h7 Kg5 57. h8=Q
{Black resigns}
1-0

[Event "ICCopen2016"]
[Site "Internet Chess Club"]
[Date "2016.06.03"]
[Round "8"]
[White "doodlestoo"]
[Black "fearlessone"]
[Result "0-1"]
[ICCResult "White checkmated"]
[WhiteElo "1421"]
[BlackElo "1676"]
[Opening "Scandinavian (center counter) defense"]
[ECO "B01"]
[NIC "VO.17"]
[Time "20:17:50"]
[TimeControl "180+0"]

1. e4 d5 2. exd5 e6 3. dxe6 Bxe6 4. Nf3 Nf6 5. d3 c6 6. Be2 Bd6 7. O-O Qc7
8. g3 h5 9. Nd4 h4 10. Nxe6 fxe6 11. Bg4 hxg3 12. Bxe6 gxf2+ 13. Kxf2 Rxh2+
14. Ke3 Bc5+ 15. d4 Qe5+ 16. Kd3 Qxd4# {White checkmated} 0-1

[Event "ICCopen2016"]
[Site "Internet Chess Club"]
[Date "2016.06.03"]
[Round "8"]
[White "jcgs1030"]
[Black "tbogin1"]
[Result "1-0"]
[ICCResult "Black resigns"]
[WhiteElo "1928"]
[BlackElo "1531"]
[Opening "Sicilian: accelerated fianchetto, modern variation with Bc4"]
[ECO "B35"]
[NIC "SI.33"]
[Time "20:18:01"]
[TimeControl "180+0"]

1. e4 c5 2. Nf3 Nc6 3. d4 cxd4 4. Nxd4 g6 5. Nc3 Bg7 6. Be3 Nf6 7. Bc4 Qa5
8. O-O Qb4 9. Nxc6 bxc6 10. Qd4 O-O 11. Bxf7+ {Black resigns} 1-0

[Event "ICCopen2016"]
[Site "Internet Chess Club"]
[Date "2016.06.03"]
[Round "8"]
[White "DrOussedik"]
[Black "blitzmaniac"]
[Result "0-1"]
[ICCResult "White resigns"]
[WhiteElo "2011"]
[BlackElo "2858"]
[Opening "Benkö gambit accepted"]
[ECO "A58"]
[NIC "BI.45"]
[Time "20:18:17"]
[TimeControl "180+0"]

1. d4 Nf6 2. c4 c5 3. d5 b5 4. cxb5 a6 5. bxa6 g6 6. Nc3 Bg7 7. Nf3 O-O 8.
g3 d6 9. Bg2 Nbd7 10. Rb1 Nb6 11. b3 Bf5 12. e4 Nxe4 13. Nxe4 Bxe4 14. O-O
Bxb1 {White resigns} 0-1

[Event "ICCopen2016"]
[Site "Internet Chess Club"]
[Date "2016.06.03"]
[Round "8"]
[White "Taechess"]
[Black "kabindra"]
[Result "1/2-1/2"]
[ICCResult "Game drawn by repetition"]
[WhiteElo "1343"]
[BlackElo "1529"]
[Opening "Philidor's defense"]
[ECO "C41"]
[NIC "KP.10"]
[Time "20:18:41"]
[TimeControl "180+0"]

1. e4 e5 2. Nf3 d6 3. Bc4 Nf6 4. Nc3 Bg4 5. h3 Bh5 6. Be2 Be7 7. d4 Nc6 8.
d5 Bxf3 9. Bxf3 Nd4 10. O-O O-O 11. Be3 Nxf3+ 12. Qxf3 c6 13. dxc6 bxc6 14.
Qg3 Nh5 15. Qg4 Nf6 16. Qg3 Nh5 17. Qg4 Nf6 18. Qg3 {Game drawn by
repetition} 1/2-1/2

[Event "ICCopen2016"]
[Site "Internet Chess Club"]
[Date "2016.06.03"]
[Round "8"]
[White "BrentMusburger"]
[Black "BlitzorDDD"]
[Result "0-1"]
[ICCResult "White resigns"]
[WhiteElo "2453"]
[BlackElo "2937"]
[Opening "Caro-Kann: Panov-Botvinnik attack, 5...g6"]
[ECO "B14"]
[NIC "CK.03"]
[Time "20:18:37"]
[TimeControl "180+0"]

1. e4 c6 2. d4 d5 3. exd5 cxd5 4. c4 Nf6 5. Nc3 g6 6. Qb3 Bg7 7. cxd5 O-O 8.
g3 Na6 9. Bg2 e5 10. dxe5 Nc5 11. Qc4 Nfd7 12. Nf3 b5 13. Qf4 Nd3+
{White resigns}
0-1

[Event "ICCopen2016"]
[Site "Internet Chess Club"]
[Date "2016.06.03"]
[Round "8"]
[White "Iturrizaga"]
[Black "Drahacik"]
[Result "1-0"]
[ICCResult "Black resigns"]
[WhiteElo "2969"]
[BlackElo "2112"]
[Opening "English: Neo-Catalan declined"]
[ECO "A14"]
[NIC "RE.09"]
[Time "20:18:35"]
[TimeControl "180+0"]

1. Nf3 d5 2. c4 e6 3. g3 Nf6 4. Bg2 Be7 5. O-O O-O 6. b3 d4 7. Bb2 Nc6 8. e3
e5 9. exd4 exd4 10. Re1 Re8 11. d3 Bc5 12. Nbd2 a5 13. a3 Bf5 14. Qc2 Qd7
15. Ng5 h6 16. Nge4 Nxe4 17. Nxe4 Bxe4 18. Bxe4 Rad8 19. Re2 g6 20. Rae1 Kg7
21. Qd2 f5 22. Bxc6 Qxc6 23. Qxa5 b6 24. Qd2 Rxe2 25. Qxe2 Kf7 26. b4 Bf8
27. h4 Bg7 28. Qe7+ {Black resigns} 1-0